[Event "FIDE WCCC Girls-10 2024"]
[Site "Montesilvano"]
[Date "2024.11.23"]
[Round "8.13"]
[White "Trzcinska, Weronika"]
[Black "Mukhorina, Mariya Dm"]
[Result "0-1"]
[Annotator "NA RC"]
[ECO "B28"]
[WhiteElo "1653"]
[BlackElo "1567"]
[PlyCount "88"]
[EventDate "2024.11.18"]
[EventType "swiss"]
[EventCountry "ITA"]
[SourceTitle "playchess.com"]
[Source "ChessBase"]
[SourceQuality "1"]
[TimeControl "5400+30"]

1. e4 c5 2. Nf3 a6 3. a4 Nc6 4. Nc3 g6 5. d4 cxd4 6. Nxd4 Bg7 7. Nxc6 bxc6 8. Bd2 d5 9. exd5 cxd5 10. Bd3 e6 11. O-O Ne7 12. Rb1 O-O 13. Ne2 Bb7 14. Bc3 d4 15. Bb4 Re8 16. Bxe7 Rxe7 17. Ng3 Rc8 18. b4 Rec7 19. b5 a5 20. Qd2 Rc5 21. Rb2 f5 22. f3 Qh4 23. Qxa5 Bh6 24. Rd1 Be3+ 25. Kh1 f4 26. Nf1 Bxf3 27. gxf3 Qf2 28. Nxe3 Qxf3+ 29. Ng2 Qxd1+ 30. Qe1 Qg4 31. Qf1 f3 32. Ne1 Rf8 33. a5 Re5 34. Rb1 f2 35. Ng2 Qh3 36. Be2 Qf5 37. b6 Rxe2 38. b7 Qe5 39. a6 Re3 40. a7 Rh3 41. Nf4 Qxf4 42. Qxh3 Qe4+ 43. Qg2 f1=Q+ 44. Rxf1 Rxf1# 0-1

[Event "FIDE WCCC Girls-10 2024"]
[Site "Montesilvano"]
[Date "2024.11.23"]
[Round "8.14"]
[White "Zhang, Weiai"]
[Black "Artemenko, Isabella"]
[Result "1-0"]
[Annotator "NA RC"]
[ECO "C92"]
[WhiteElo "1488"]
[BlackElo "1637"]
[PlyCount "88"]
[EventDate "2024.11.18"]
[EventType "swiss"]
[EventCountry "ITA"]
[SourceTitle "playchess.com"]
[Source "ChessBase"]
[SourceQuality "1"]
[TimeControl "5400+30"]

1. e4 e5 2. Nf3 Nc6 3. Bb5 Nf6 4. O-O d6 5. Re1 Be7 6. c3 O-O 7. h3 a6 8. Ba4 b5 9. Bb3 Bb7 10. d4 exd4 11. cxd4 Na5 12. Bc2 Nc4 13. b3 Nb6 14. Nc3 b4 15. Na4 Nxa4 16. bxa4 a5 17. d5 Nd7 18. Bb2 Bf6 19. Bxf6 Qxf6 20. Nd4 Nc5 21. Rc1 Rfe8 22. Re3 Qe7 23. Nf5 Qe5 24. Rg3 g6 25. Nh6+ Kg7 26. Ng4 Qe7 27. Qd4+ f6 28. Rf3 Nd7 29. Bd3 Ne5 30. Rxf6 Bc8 31. Re6 Bxe6 32. dxe6 c5 33. Qb2 h5 34. Nxe5 dxe5 35. Qxe5+ Qf6 36. Qc7+ Kh6 37. Qxc5 Qxe6 38. Qe3+ Kh7 39. Rc7+ Re7 40. Rxe7+ Qxe7 41. Bc4 Re8 42. f3 Ra8 43. Kf1 Qd7 44. Bb3 Rb8 1-0

[Event "FIDE WCCC Girls-10 2024"]
[Site "Montesilvano"]
[Date "2024.11.23"]
[Round "8.15"]
[White "Kuvandikova, Nafisa"]
[Black "Samhita Pungavanam"]
[Result "1-0"]
[Annotator "NA RC"]
[ECO "B19"]
[WhiteElo "1512"]
[BlackElo "1752"]
[PlyCount "111"]
[EventDate "2024.11.18"]
[EventType "swiss"]
[EventCountry "ITA"]
[SourceTitle "playchess.com"]
[Source "ChessBase"]
[SourceQuality "1"]
[TimeControl "5400+30"]

1. e4 c6 2. d4 d5 3. Nc3 dxe4 4. Nxe4 Bf5 5. Ng3 Bg6 6. h4 h6 7. Nf3 Nd7 8. h5 Bh7 9. Bd3 Bxd3 10. Qxd3 e6 11. c4 Ngf6 12. Bd2 Be7 13. O-O-O O-O 14. Ne2 c5 15. Rdg1 cxd4 16. Nfxd4 Nc5 17. Qf3 Nce4 18. Be3 Rc8 19. b3 Qa5 20. Kb1 Ng5 21. Qxb7 Ba3 22. Qb5 Bb4 23. Qxa5 Bxa5 24. f3 Bb6 25. f4 Nge4 26. g4 Kh7 27. g5 Nd7 28. Ng3 Bxd4 29. Bxd4 Nd2+ 30. Kc2 Nf3 31. Rd1 Nc5 32. Bxc5 Rxc5 33. Rd3 Nxg5 34. fxg5 Rxg5 35. Kc3 f5 36. c5 f4 37. Ne4 Re5 38. Rd4 f3 39. b4 a5 40. a3 f2 41. Rf1 Rf3+ 42. Rd3 Rf4 43. Nd2 Rxh5 44. c6 Rf8 45. Kc4 Rf4+ 46. Rd4 Rf8 47. b5 e5 48. Rd5 Rh4+ 49. Kc5 e4 50. Re5 g5 51. Nxe4 Rhf4 52. c7 g4 53. b6 Rc8 54. Rxf2 Rxf2 55. Nxf2 g3 56. Nh3 1-0

[Event "FIDE WCCC Girls-10 2024"]
[Site "Montesilvano"]
[Date "2024.11.23"]
[Round "8.16"]
[White "Bhavanya Panchumarthi"]
[Black "Norkulova, Malika"]
[Result "1/2-1/2"]
[Annotator "NA RC"]
[ECO "D02"]
[WhiteElo "1703"]
[BlackElo "1480"]
[PlyCount "100"]
[EventDate "2024.11.18"]
[EventType "swiss"]
[EventCountry "ITA"]
[SourceTitle "playchess.com"]
[Source "ChessBase"]
[SourceQuality "1"]
[TimeControl "5400+30"]

1. d4 d5 2. Bf4 e6 3. e3 Nf6 4. Nf3 Bd6 5. Ne5 O-O 6. Bd3 c5 7. c3 b6 8. Nd2 Bb7 9. Qf3 Qc7 10. Qh3 Nbd7 11. Ndf3 Ne4 12. O-O Ndf6 13. Ng5 Nxg5 14. Bxg5 Ne4 15. Bf4 f5 16. f3 Nf6 17. Rae1 Nd7 18. Nxd7 Qxd7 19. Bxd6 Qxd6 20. Rf2 Rae8 21. f4 Rf6 22. Qh5 Ref8 23. h3 c4 24. Bf1 b5 25. Qf3 a5 26. Ra1 b4 27. b3 Ba6 28. cxb4 axb4 29. Qe2 Ra8 30. Qc2 c3 31. Bxa6 Rxa6 32. Re2 g5 33. g3 Rg6 34. Kh2 Rg7 35. Rg2 Raa7 36. Rag1 g4 37. h4 h5 38. Ra1 Ra3 39. Re2 Rga7 40. Kg2 R7a5 41. Kf2 Qa6 42. Ke1 Kf7 43. Kd1 Qb5 44. Qb1 Ra7 45. Ke1 Rc7 46. Qc2 Rca7 47. Qb1 Rc7 48. Qc2 Rca7 49. Qb1 Rc7 50. Qc2 Rca7 1/2-1/2

[Event "FIDE WCCC Girls-10 2024"]
[Site "Montesilvano"]
[Date "2024.11.23"]
[Round "8.17"]
[White "Li, Wan Qin"]
[Black "Mandukhai, Munkhbat"]
[Result "1/2-1/2"]
[Annotator "NA RC"]
[ECO "E14"]
[WhiteElo "1628"]
[BlackElo "1645"]
[PlyCount "99"]
[EventDate "2024.11.18"]
[EventType "swiss"]
[EventCountry "ITA"]
[SourceTitle "playchess.com"]
[Source "ChessBase"]
[SourceQuality "1"]
[TimeControl "5400+30"]

1. c4 e6 2. Nc3 Nf6 3. d4 d5 4. Nf3 Be7 5. e3 O-O 6. Bd3 b6 7. O-O Bb7 8. Re1 Nbd7 9. a3 c5 10. cxd5 exd5 11. Bf5 Re8 12. Bd2 Bd6 13. Rc1 Ne4 14. Nb5 Ndf6 15. Nxd6 Nxd6 16. Bb1 Nfe4 17. Bc3 c4 18. Bb4 f6 19. b3 b5 20. a4 a6 21. a5 Bc6 22. Qc2 Rc8 23. h3 cxb3 24. Qxb3 Nc4 25. Qa2 Qd7 26. Qc2 Qc7 27. Qa2 Qd7 28. Qc2 Bb7 29. Qb3 Rc6 30. Rc2 Rec8 31. Rec1 Qd8 32. Qa2 Ned6 33. Rc3 Ne4 34. Bxe4 dxe4 35. Nd2 Qd5 36. Nxc4 Rxc4 37. Rxc4 Rxc4 38. Rxc4 bxc4 39. Qa3 Qc6 40. Bc3 Qc7 41. Qb4 Bd5 42. Bb2 Qb7 43. Qa3 h6 44. Bc3 f5 45. Kh2 Qb8+ 46. Kg1 Qb1+ 47. Kh2 Qb8+ 48. Kg1 Qb1+ 49. Kh2 Qb8+ 50. Kg1 1/2-1/2

[Event "FIDE WCCC Girls-10 2024"]
[Site "Montesilvano"]
[Date "2024.11.23"]
[Round "8.18"]
[White "Sun, Yucan(Sd)"]
[Black "Afandi, Sadagul"]
[Result "1-0"]
[Annotator "NA RC"]
[ECO "B01"]
[WhiteElo "1725"]
[BlackElo "1625"]
[PlyCount "153"]
[EventDate "2024.11.18"]
[EventType "swiss"]
[EventCountry "ITA"]
[SourceTitle "playchess.com"]
[Source "ChessBase"]
[SourceQuality "1"]
[TimeControl "5400+30"]

1. e4 d5 2. exd5 Nf6 3. d4 Nxd5 4. c4 Nf6 5. Nf3 e6 6. Be2 c5 7. O-O cxd4 8. Nxd4 Bc5 9. Be3 O-O 10. Nc3 e5 11. Ndb5 Na6 12. Bg5 Be7 13. Bf3 Nc5 14. Qc2 a6 15. Na3 Ne6 16. Bxf6 Bxf6 17. Ne2 Qc7 18. Be4 Bd7 19. Bxh7+ Kh8 20. Be4 Nc5 21. Bf5 Bc6 22. Qc3 g6 23. Bc2 Kg7 24. Qg3 Rh8 25. h3 Rh5 26. f3 Rah8 27. b4 Rg5 28. Qh2 Ne6 29. Rad1 Nf4 30. Nxf4 exf4 31. Rf2 Bd7 32. Kf1 Bb2 33. Nb1 Qxc4+ 34. Bd3 Qxb4 35. Be2 Bd4 36. Qxf4 Rd5 37. Bd3 Qb6 38. Re2 Bc5 39. Nc3 Rd6 40. Qe5+ Kg8 41. Ne4 Re6 42. Qxc5 Qxc5 43. Nxc5 Rd6 44. Nxd7 Rxd7 45. Re8+ Kg7 46. Rxh8 Kxh8 47. Bc2 Rxd1+ 48. Bxd1 Kg7 49. Ke2 Kf6 50. Ke3 Kf5 51. Kd4 Kf4 52. g4 Kg3 53. Kc5 Kxh3 54. Kb6 Kg3 55. Kxb7 Kf2 56. Kxa6 Ke1 57. Bb3 f6 58. a4 g5 59. a5 Kf2 60. Bd5 Ke3 61. Kb6 Kd4 62. a6 Kxd5 63. a7 Ke5 64. a8=Q Kf4 65. Qe4+ Kg3 66. Qf5 Kh4 67. Qxf6 Kh3 68. Qxg5 Kh2 69. f4 Kg2 70. f5 Kh3 71. f6 Kg3 72. f7 Kh3 73. f8=Q Kg3 74. Qff4+ Kh3 75. Qf3+ Kh2 76. Qd2+ Kg1 77. Qfd1# 1-0

[Event "FIDE WCCC Girls-10 2024"]
[Site "Montesilvano"]
[Date "2024.11.23"]
[Round "8.19"]
[White "Jaksa, Ema"]
[Black "Malcheva, Niya"]
[Result "1-0"]
[Annotator "NA RC"]
[ECO "B10"]
[WhiteElo "1635"]
[BlackElo "1620"]
[PlyCount "112"]
[EventDate "2024.11.18"]
[EventType "swiss"]
[EventCountry "ITA"]
[SourceTitle "playchess.com"]
[Source "ChessBase"]
[SourceQuality "1"]
[TimeControl "5400+30"]

1. e4 c6 2. Nf3 d5 3. d3 Bg4 4. h3 Bh5 5. Qe2 e6 6. g4 Bg6 7. h4 dxe4 8. dxe4 h5 9. g5 Nd7 10. Nbd2 Nc5 11. Ne5 Ne7 12. Bg2 Nd7 13. Nd3 c5 14. Nc4 Nc6 15. Bf4 Nb6 16. Nxb6 Qxb6 17. c3 Qb5 18. Ne5 Qxe2+ 19. Kxe2 Nxe5 20. Bxe5 Rg8 21. Rad1 Be7 22. Bd6 Bxd6 23. Rxd6 Ke7 24. Rhd1 Rgd8 25. e5 Rxd6 26. Rxd6 Rb8 27. Ke3 b6 28. Be4 Bxe4 29. Kxe4 Rd8 30. Rxd8 Kxd8 31. f4 g6 32. b4 Kc7 33. b5 Kb7 34. Kd3 a6 35. bxa6+ Kxa6 36. Kc4 Ka5 37. Kb3 b5 38. c4 Kb6 39. cxb5 Kxb5 40. a4+ Ka5 41. Kc4 Kxa4 42. Kxc5 Kb3 43. Kd6 Kc4 44. Ke7 Kd4 45. Kxf7 Ke4 46. Kxe6 Kxf4 47. Kf6 Kg4 48. e6 Kxh4 49. e7 Kg3 50. e8=Q h4 51. Kxg6 h3 52. Qh8 h2 53. Kf7 Kg2 54. g6 h1=Q 55. Qxh1+ Kxh1 56. g7 Kg2 1-0

[Event "FIDE WCCC Girls-10 2024"]
[Site "Montesilvano"]
[Date "2024.11.23"]
[Round "8.20"]
[White "Xin, Lisa J."]
[Black "Bayramova, Aya"]
[Result "0-1"]
[Annotator "NA RC"]
[ECO "D04"]
[WhiteElo "1602"]
[BlackElo "1634"]
[PlyCount "156"]
[EventDate "2024.11.18"]
[EventType "swiss"]
[EventCountry "ITA"]
[SourceTitle "playchess.com"]
[Source "ChessBase"]
[SourceQuality "1"]
[TimeControl "5400+30"]

1. d4 d5 2. Nf3 Nf6 3. e3 c5 4. b3 Nc6 5. Bb2 Bg4 6. Nbd2 cxd4 7. exd4 Qc7 8. a3 e6 9. Bd3 Bd6 10. h3 Bh5 11. O-O O-O 12. Qe1 Bg6 13. Bxg6 hxg6 14. Ne5 Rac8 15. c4 Nd7 16. Nxg6 fxg6 17. Qxe6+ Kh7 18. Qxd5 Nf6 19. Qg5 Bh2+ 20. Kh1 Qf4 21. Qxf4 Bxf4 22. Nf3 Rfe8 23. Rfe1 Ne4 24. Kg1 Nd2 25. Nxd2 Bxd2 26. Rxe8 Rxe8 27. Rd1 Bg5 28. Kf1 Bf6 29. Ba1 Rd8 30. d5 Bxa1 31. Rxa1 Nd4 32. b4 Kg8 33. Rd1 Nf5 34. Ke2 Kf7 35. Kf3 Nd6 36. Rc1 Kf6 37. g4 Ke5 38. Ke3 g5 39. c5 Nb5 40. d6 Nxa3 41. Rc3 Nb5 42. Rc4 Rd7 43. f4+ gxf4+ 44. Rxf4 Nc3 45. Rf5+ Ke6 46. Kd4 Nb5+ 47. Kc4 a6 48. h4 Na7 49. h5 Nc6 50. Rg5 Ne5+ 51. Kc3 Rf7 52. Kb3 Rf3+ 53. Ka4 Kf6 54. Rf5+ Rxf5 55. gxf5 Kxf5 56. Ka5 Nc4+ 57. Ka4 Ke6 58. b5 Nxd6 59. cxd6 Kxd6 60. b6 Kc6 61. Ka5 Kc5 62. Ka4 Kxb6 63. Kb4 a5+ 64. Kc4 Kc6 65. Kd4 a4 66. Ke5 a3 67. Ke6 a2 68. Kf7 a1=Q 69. Kg6 Qf6+ 70. Kh7 b5 71. Kg8 b4 72. h6 Qxh6 73. Kf7 b3 74. Kg8 b2 75. Kf7 Qf6+ 76. Kg8 b1=Q 77. Kh8 g5+ 78. Kg8 Qbg6# 0-1

[Event "FIDE WCCC Girls-10 2024"]
[Site "Montesilvano"]
[Date "2024.11.23"]
[Round "8.21"]
[White "Tykalova, Barbora"]
[Black "Bjerregaard Hagen, Frida"]
[Result "1-0"]
[Annotator "NA RC"]
[ECO "C13"]
[WhiteElo "1596"]
[BlackElo "1815"]
[PlyCount "99"]
[EventDate "2024.11.18"]
[EventType "swiss"]
[EventCountry "ITA"]
[SourceTitle "playchess.com"]
[Source "ChessBase"]
[SourceQuality "1"]
[TimeControl "5400+30"]

1. e4 e6 2. d4 d5 3. Nc3 Nf6 4. Bg5 dxe4 5. Nxe4 Nbd7 6. Bd3 h6 7. Bh4 g5 8. Bg3 Nxe4 9. Bxe4 f5 10. Bd3 f4 11. Bxf4 gxf4 12. Qh5+ Ke7 13. Qh4+ Nf6 14. Nf3 Rg8 15. Qxf4 Qd6 16. Qe3 Bd7 17. Nh4 Kd8 18. Ng6 Bc6 19. Nxf8 Rxf8 20. Qxh6 Ke7 21. O-O-O a5 22. Rhe1 Nd5 23. Kb1 Rf6 24. Qg7+ Rf7 25. Qg5+ Kd7 26. Re2 Qb4 27. Ka1 a4 28. a3 Qa5 29. Re5 Qa7 30. Rde1 Re7 31. c4 Qxd4 32. cxd5 Bxd5 33. Rd1 Qxf2 34. Bb5+ c6 35. Rdxd5+ Kc8 36. Qxe7 cxd5 37. Qe8+ Kc7 38. Qxa8 Qd4 39. Re1 Qd2 40. Rf1 Qxg2 41. Rf7+ Kb6 42. Rxb7+ Kc5 43. Qc8+ Kd4 44. Qc3+ Ke4 45. Bd3+ Kf4 46. Rf7+ Kg5 47. Qf6+ Kh5 48. Bf1 Qxb2+ 49. Kxb2 d4 50. Be2# 1-0

[Event "FIDE WCCC Girls-10 2024"]
[Site "Montesilvano"]
[Date "2024.11.23"]
[Round "8.22"]
[White "Kravchuk, Daria"]
[Black "Rzadkowska, Lila"]
[Result "1/2-1/2"]
[Annotator "NA RC"]
[ECO "C45"]
[WhiteElo "1569"]
[BlackElo "1765"]
[PlyCount "108"]
[EventDate "2024.11.18"]
[EventType "swiss"]
[EventCountry "ITA"]
[SourceTitle "playchess.com"]
[Source "ChessBase"]
[SourceQuality "1"]
[TimeControl "5400+30"]

1. e4 e5 2. Nf3 Nc6 3. d4 exd4 4. Nxd4 Nf6 5. Nxc6 bxc6 6. Bd3 Bb4+ 7. Nd2 O-O 8. O-O d5 9. exd5 cxd5 10. a3 Bd6 11. Nf3 Bg4 12. Bg5 Re8 13. h3 Bh5 14. Bb5 Rf8 15. Bc6 Rb8 16. Bxd5 Be7 17. Bb3 Ne4 18. Bxe7 Qxe7 19. Re1 Rfe8 20. Qe2 Qf6 21. Ba4 c6 22. b4 Kf8 23. Bb3 Rbd8 24. Qe3 Re7 25. Rad1 Nd2 26. Ng5 Rxe3 27. Nxh7+ Kg8 28. Nxf6+ gxf6 29. fxe3 Bxd1 30. Rxd1 Nf3+ 31. gxf3 Rxd1+ 32. Kf2 Ra1 33. a4 Kg7 34. e4 Kg6 35. h4 Kh5 36. Kg3 Rg1+ 37. Kf4 Rf1 38. Bxf7+ Kxh4 39. Be8 Rb1 40. c3 Rb3 41. Bxc6 Rxc3 42. b5 Ra3 43. a5 Rxa5 44. Kf5 a6 45. Kxf6 axb5 46. Bd5 b4 47. Bf7 Kg3 48. e5 Kf4 49. e6 Rf5+ 50. Kg7 Re5 51. Kf8 b3 52. e7 b2 53. Bg6 Kg5 54. Be4 Kf4 1/2-1/2

[Event "FIDE WCCC Girls-10 2024"]
[Site "Montesilvano"]
[Date "2024.11.23"]
[Round "8.23"]
[White "Wang, Mi Ya Mia"]
[Black "Billod-Laillet, Camille"]
[Result "1-0"]
[Annotator "NA RC"]
[ECO "C24"]
[WhiteElo "1552"]
[BlackElo "1732"]
[PlyCount "87"]
[EventDate "2024.11.18"]
[EventType "swiss"]
[EventCountry "ITA"]
[SourceTitle "playchess.com"]
[Source "ChessBase"]
[SourceQuality "1"]
[TimeControl "5400+30"]

1. e4 e5 2. Nf3 Nc6 3. Bc4 Nf6 4. d3 d5 5. exd5 Nxd5 6. c3 Be7 7. Qb3 Na5 8. Qa4+ Nc6 9. Nxe5 Qd6 10. Nxc6 bxc6 11. O-O Nb6 12. Qb3 Nxc4 13. Qxc4 O-O 14. Bf4 Qg6 15. Bxc7 Bh3 16. Bg3 Be6 17. Qxc6 Qxd3 18. Bf4 Bd5 19. Qd7 Bc5 20. Nd2 Rfd8 21. Qg4 Be6 22. Qf3 Qc2 23. b4 Bd5 24. Qg3 Bf8 25. a3 Be6 26. Rac1 Qb2 27. Ne4 Qxa3 28. Nf6+ Kh8 29. Be5 Bf5 30. Qg5 Bg6 31. f4 Be7 32. f5 gxf6 33. Bxf6+ Bxf6 34. Qxf6+ Kg8 35. fxg6 fxg6 36. Rce1 Rf8 37. Qe6+ Kg7 38. Qd7+ Kg8 39. Qd5+ Kg7 40. Re7+ Kh6 41. Qd2+ Kh5 42. Rxh7+ Kg4 43. h3+ Kg3 44. Qg5# 1-0

[Event "FIDE WCCC Girls-10 2024"]
[Site "Montesilvano"]
[Date "2024.11.23"]
[Round "8.24"]
[White "Smilic, Nina"]
[Black "Nguyen, Lam Vy Le"]
[Result "0-1"]
[Annotator "NA RC"]
[ECO "E21"]
[WhiteElo "1540"]
[BlackElo "1728"]
[PlyCount "88"]
[EventDate "2024.11.18"]
[EventType "swiss"]
[EventCountry "ITA"]
[SourceTitle "playchess.com"]
[Source "ChessBase"]
[SourceQuality "1"]
[TimeControl "5400+30"]

1. d4 Nf6 2. Nf3 e6 3. c4 b6 4. Nc3 Bb4 5. Bd2 Bb7 6. e3 Bxc3 7. Bxc3 Ne4 8. Bd3 Nxc3 9. bxc3 f5 10. O-O O-O 11. Re1 d6 12. e4 Nd7 13. Qe2 f4 14. Rab1 Qe7 15. Bc2 e5 16. a4 a5 17. Bb3 Kh8 18. Bc2 Rae8 19. Rb2 Nf6 20. Nd2 Bc8 21. h3 Qf7 22. Bb3 Qg6 23. Qf3 Nd7 24. Nb1 Bb7 25. Bc2 Qf6 26. Qd3 Qh4 27. Qf3 Qf6 28. Qd3 g5 29. Bd1 Qe7 30. Nd2 Nf6 31. d5 Rg8 32. Qc2 Bc8 33. f3 Qg7 34. Kf2 Qh6 35. Rg1 Qh4+ 36. Ke2 Nd7 37. Nf1 Ba6 38. Qb3 Nc5 39. Qa2 Qh5 40. Kd2 Rc8 41. Be2 Qh4 42. Nh2 Qf2 43. Rbb1 Qe3+ 44. Kc2 Qxe2+ 0-1

[Event "FIDE WCCC Girls-10 2024"]
[Site "Montesilvano"]
[Date "2024.11.23"]
[Round "8.25"]
[White "Tu, Tiffany"]
[Black "Minzat, Victoria"]
[Result "1-0"]
[Annotator "NA RC"]
[ECO "C66"]
[WhiteElo "1687"]
[BlackElo "1505"]
[PlyCount "51"]
[EventDate "2024.11.18"]
[EventType "swiss"]
[EventCountry "ITA"]
[SourceTitle "playchess.com"]
[Source "ChessBase"]
[SourceQuality "1"]
[TimeControl "5400+30"]

1. e4 e5 2. Nf3 Nc6 3. Bb5 d6 4. d4 exd4 5. Nxd4 Bd7 6. Bxc6 Bxc6 7. Nxc6 bxc6 8. Nc3 Nf6 9. O-O Be7 10. Qf3 O-O 11. Bf4 d5 12. Rad1 Bb4 13. exd5 cxd5 14. Nxd5 Nxd5 15. Rxd5 Qe7 16. c3 Bd6 17. Be3 Qh4 18. Rh5 Qc4 19. Bd4 Qe6 20. Rh3 Qxa2 21. Qh5 h6 22. Bxg7 Rfe8 23. Qxh6 f5 24. Qg6 Bxh2+ 25. Rxh2 Qe6 26. Rh8# 1-0

[Event "FIDE WCCC Girls-10 2024"]
[Site "Montesilvano"]
[Date "2024.11.23"]
[Round "8.26"]
[White "Stoica, Melina-Theodora"]
[Black "Poliak, Margarita"]
[Result "1/2-1/2"]
[Annotator "NA RC"]
[ECO "D35"]
[WhiteElo "1675"]
[BlackElo "1514"]
[PlyCount "94"]
[EventDate "2024.11.18"]
[EventType "swiss"]
[EventCountry "ITA"]
[SourceTitle "playchess.com"]
[Source "ChessBase"]
[SourceQuality "1"]
[TimeControl "5400+30"]

1. d4 Nf6 2. Nf3 e6 3. c4 d5 4. Nc3 Be7 5. Bf4 c6 6. cxd5 exd5 7. e3 O-O 8. Be2 Nbd7 9. h3 b5 10. O-O a5 11. a3 Bb7 12. Qb3 Qb6 13. Ne5 Nxe5 14. Bxe5 Nd7 15. Bg3 Ba6 16. Rac1 b4 17. Bxa6 Rxa6 18. axb4 axb4 19. Ne2 Nf6 20. Rc2 Rfa8 21. Rfc1 Qb5 22. Nf4 Ra1 23. Kh2 Rxc1 24. Rxc1 h6 25. Qd3 Qb7 26. Qc2 Rc8 27. Nd3 Ne4 28. Ne5 c5 29. dxc5 Rxc5 30. Qd1 Rxc1 31. Qxc1 Nxg3 32. fxg3 Bf6 33. Ng4 Bg5 34. h4 Be7 35. Qd2 Qc7 36. Qxd5 Bxh4 37. Qa8+ Kh7 38. Qe4+ g6 39. Qe5 Qxe5 40. Nxe5 Bf6 41. Nd3 Be7 42. b3 Kg7 43. g4 Kf6 44. Kg3 Ke6 45. Kf3 Kd5 46. Nf4+ Ke5 47. Nd3+ Kd5 1/2-1/2

[Event "FIDE WCCC Girls-10 2024"]
[Site "Montesilvano"]
[Date "2024.11.23"]
[Round "8.27"]
[White "Saltkhutsishvili, Sara"]
[Black "Constantin-Ciuntu, Anne-Sophie"]
[Result "0-1"]
[Annotator "NA RC"]
[ECO "B07"]
[WhiteElo "1546"]
[BlackElo "1672"]
[PlyCount "184"]
[EventDate "2024.11.18"]
[EventType "swiss"]
[EventCountry "ITA"]
[SourceTitle "playchess.com"]
[Source "ChessBase"]
[SourceQuality "1"]
[TimeControl "5400+30"]

1. e4 d6 2. d4 Nf6 3. Nc3 Nbd7 4. f4 e6 5. Nf3 c6 6. Bd3 Qc7 7. O-O Nb6 8. e5 Nfd7 9. f5 exf5 10. exd6 Bxd6 11. Re1+ Kf8 12. Bg5 h6 13. Qe2 g6 14. Be7+ Kg7 15. Qf2 Re8 16. Bxd6 Rxe1+ 17. Rxe1 Qxd6 18. a4 Qb4 19. Qg3 Nf6 20. Nh4 Qxd4+ 21. Kh1 Ng4 22. Nd1 f4 23. Qf3 Ne5 24. Qe2 Nxd3 25. cxd3 Nxa4 26. Nf3 Qd6 27. b3 Nc5 28. Nf2 Be6 29. b4 Nb3 30. d4 Qxb4 31. Qe5+ Kh7 32. Nd3 Qa5 33. Qd6 Rd8 34. Qe7 Rd7 35. Qh4 Nxd4 36. Nfe5 Nf5 37. Qxf4 Rd4 38. Qf2 Ra4 39. Nf3 Ra2 40. Qf1 Bd5 41. Nde5 Bxf3 42. Nxf3 Qb6 43. Qc4 Qb2 44. Qxf7+ Ng7 45. Rg1 Ra1 46. h3 Rxg1+ 47. Kxg1 a5 48. Qe7 a4 49. Ne5 Qd4+ 50. Kh1 Qe3 51. Qf6 Qg5 52. Qd6 a3 53. Nf7 Qc1+ 54. Kh2 a2 55. Qb8 g5 56. Qh8+ Kg6 57. Ne5+ Kf5 58. Qh7+ Kxe5 59. Qxg7+ Kd6 60. Qd4+ Kc7 61. Qg7+ Kb6 62. Qd4+ Kb5 63. Qe5+ Ka4 64. Qd4+ Kb5 65. Qe5+ c5 66. Qe2+ Qc4 67. Qb2+ Ka5 68. Qa3+ Kb6 69. Qb2+ Kc7 70. Qe5+ Kc8 71. Qh8+ Kd7 72. Qg7+ Ke8 73. Qh8+ Ke7 74. Qe5+ Qe6 75. Qc7+ Kf6 76. Qd8+ Kf5 77. Qd3+ Ke5 78. Qe3+ Kd6 79. Qd3+ Kc6 80. Qc3 Qd6+ 81. g3 Qd5 82. Qf6+ Kb5 83. Qb2+ Ka4 84. Qh8 Qd2+ 85. Kh1 Qc1+ 86. Kh2 a1=Q 87. Qa8+ Kb4 88. Qxb7+ Kc4 89. Qf7+ Kd3 90. Qd5+ Qd4 91. Qf3+ Qce3 92. Qf5+ Kd2 0-1

[Event "FIDE WCCC Girls-10 2024"]
[Site "Montesilvano"]
[Date "2024.11.23"]
[Round "8.28"]
[White "Mohamed Ahmed, Ghidaa"]
[Black "Mamarasulova, Yasmina"]
[Result "1-0"]
[Annotator "NA RC"]
[ECO "E60"]
[WhiteElo "1638"]
[BlackElo "1444"]
[PlyCount "143"]
[EventDate "2024.11.18"]
[EventType "swiss"]
[EventCountry "ITA"]
[SourceTitle "playchess.com"]
[Source "ChessBase"]
[SourceQuality "1"]
[TimeControl "5400+30"]

1. b3 c5 2. Bb2 Nc6 3. e3 Nf6 4. Be2 g6 5. Nf3 Bg7 6. O-O O-O 7. c4 d6 8. d4 e6 9. Nbd2 b6 10. Re1 d5 11. a3 Ne4 12. Rb1 Nxd2 13. Qxd2 dxc4 14. bxc4 Qd7 15. dxc5 Qxd2 16. Nxd2 bxc5 17. Bxg7 Kxg7 18. Nb3 a5 19. Nxc5 e5 20. Bf3 Bf5 21. Bxc6 Bxb1 22. Bxa8 Ba2 23. Bd5 Rc8 24. Nd3 e4 25. Nf4 f5 26. h3 Bxc4 27. Rc1 Ba6 28. Rxc8 Bxc8 29. Ne6+ Bxe6 30. Bxe6 Kf6 31. Bb3 h6 32. Kf1 g5 33. Ke2 f4 34. exf4 gxf4 35. g3 Kg5 36. gxf4+ Kxf4 37. a4 h5 38. Bc2 h4 39. Bb1 Kg5 40. Bxe4 Kf4 41. Bc6 Ke5 42. Ke3 Kf5 43. Kf3 Kg5 44. Ke4 Kh6 45. f4 Kg6 46. Ke5 Kf7 47. f5 Ke7 48. Kd5 Kf6 49. Kc5 Kxf5 50. Kb5 Ke6 51. Kxa5 Ke7 52. Kb6 Kd8 53. a5 Kc8 54. a6 Kd8 55. a7 Ke7 56. a8=Q Ke6 57. Qe8+ Kf5 58. Be4+ Kf4 59. Qh5 Kxe4 60. Qxh4+ Kf5 61. Qg4+ Kf6 62. h4 Kf7 63. h5 Kf8 64. h6 Kf7 65. h7 Ke7 66. h8=Q Kd6 67. Qf6+ Kd5 68. Qgg5+ Kc4 69. Qff4+ Kc3 70. Qgg3+ Kc2 71. Qff2+ Kc1 72. Qgg1# 1-0

[Event "FIDE WCCC Girls-10 2024"]
[Site "Montesilvano"]
[Date "2024.11.23"]
[Round "8.29"]
[White "Milojevic, Dunja"]
[Black "Blakhina Viktoryia"]
[Result "0-1"]
[Annotator "NA RC"]
[ECO "D35"]
[WhiteElo "1610"]
[BlackElo "1436"]
[PlyCount "74"]
[EventDate "2024.11.18"]
[EventType "swiss"]
[EventCountry "ITA"]
[SourceTitle "playchess.com"]
[Source "ChessBase"]
[SourceQuality "1"]
[TimeControl "5400+30"]

1. d4 Nf6 2. Nf3 d5 3. c4 e6 4. Nc3 c6 5. cxd5 exd5 6. Bg5 Nbd7 7. e3 Bd6 8. Bd3 O-O 9. O-O a5 10. Qc2 h6 11. Bh4 b5 12. Rac1 Ba6 13. Ne2 b4 14. Bf5 Qc7 15. Rfe1 Bc4 16. b3 Bb5 17. Bd3 Bxd3 18. Qxd3 Qb6 19. Bg3 Bxg3 20. Nxg3 Rfe8 21. Nf5 Ne4 22. Nd2 Nc3 23. Rc2 a4 24. e4 Qd8 25. e5 axb3 26. axb3 c5 27. f4 Qb6 28. Kh1 Qg6 29. g3 cxd4 30. Rcc1 Ra2 31. Nf3 Nc5 32. Qxd4 Nxb3 33. Qxb4 Nxc1 34. Rxc1 Qxf5 35. Qxc3 Rea8 36. Re1 R8a3 37. Nd4 Qh3 0-1

[Event "FIDE WCCC Girls-10 2024"]
[Site "Montesilvano"]
[Date "2024.11.23"]
[Round "8.30"]
[White "Pambieri, Nicole"]
[Black "Rosset, Anna"]
[Result "0-1"]
[Annotator "NA RC"]
[ECO "A29"]
[WhiteElo "1482"]
[BlackElo "1814"]
[PlyCount "152"]
[EventDate "2024.11.18"]
[EventType "swiss"]
[EventCountry "ITA"]
[SourceTitle "playchess.com"]
[Source "ChessBase"]
[SourceQuality "1"]
[TimeControl "5400+30"]

1. c4 e5 2. Nc3 Nf6 3. Nf3 Nc6 4. g3 Bc5 5. Bg2 O-O 6. O-O d6 7. d3 h6 8. Bd2 Bf5 9. Na4 a5 10. Nxc5 dxc5 11. a3 Qd6 12. Qb3 Bg4 13. Rfe1 a4 14. Qc3 Rfe8 15. Rad1 Nd4 16. Nxd4 exd4 17. Qc1 Bxe2 18. Bf4 Qb6 19. Rd2 Bg4 20. Rxe8+ Rxe8 21. h3 Bd7 22. Qd1 g5 23. Qf3 Re1+ 24. Kh2 Bc6 25. Bxc7 Qxc7 26. Qxf6 Bxg2 27. Kxg2 Qc6+ 28. Qxc6 bxc6 29. f3 Kg7 30. Kf2 Rh1 31. Kg2 Re1 32. Kf2 Rh1 33. Kg2 Rb1 34. g4 Kg6 35. Re2 f6 36. Kg3 Rg1+ 37. Kf2 Rd1 38. Re6 Rxd3 39. Rxc6 Rb3 40. Rxc5 Rxb2+ 41. Kg3 Rb3 42. Rd5 Rxa3 43. Rxd4 Rc3 44. c5 a3 45. Ra4 h5 46. gxh5+ Kxh5 47. c6 f5 48. c7 Rc2 49. f4 Rc3+ 50. Kf2 gxf4 51. Rxa3 Rxc7 52. Rf3 Kg5 53. Ke2 Rc4 54. Kd3 Ra4 55. Ke2 Rd4 56. Kf2 Re4 57. Kf1 Re8 58. Kf2 Rh8 59. Kg2 Kf6 60. Rxf4 Ke5 61. Kg3 Rxh3+ 62. Kxh3 Kxf4 63. Kg2 Ke3 64. Kf1 Kf3 65. Ke1 Kg2 66. Ke2 f4 67. Ke1 f3 68. Kd1 f2 69. Kd2 f1=Q 70. Kc3 Qd1 71. Kb2 Kf3 72. Ka3 Qb1 73. Ka4 Ke4 74. Ka5 Kd5 75. Ka6 Kc6 76. Ka7 Qb7# 0-1